cohdb
Replays
Latest Replays
All Replays
Popular Replays
Top Player Replays
Match Explorer
How It Works
Community
CoH3 Stats
Reddit
Sign in to upload your games and track your stats! →
Sign in with Steam
Match 29577487
Unlisted
Match 29577487
Overview
Messages
Build Orders
End
Selects Italian Coastal Battlegroup
Selects Coastal Reserves
Coastal Reserve
Construct Infanterie Kompanie
MG 42 Machine Gun Team
Coastal Reserve
Construct Panzergrenadier Kompanie
Selects Artillery Officer
Artillery Officer
251 Medium Carrier
Medical Bunker
Pak 40 Anti-tank Gun Team
Construct Panzer Kompanie
Selects Coastal Wall
Repair Bunker
Sturmpanzer IV Brummbär
Selects Support Bunkers
Coastal Reserve
Panzergrenadier Squad
Selects Designated Artillery Overwatch
Selects Bulwark
Stoßtruppen Squad
Sturmpanzer IV Brummbär
Pak 40 Anti-tank Gun Team
Support Elements
Nebelwerfer 42 Rocket Launcher Team
MG 42 Bunker
Remless
Dr Jello
Adelfos
Rajhin
suora
Tobis
0
0
Comments
sign in to comment!
No comments posted yet!